 Dungeon Crawl Stone Soup version 0.26-a0-818-g75db068ed4 (webtiles) character file.

Game seed: 14605786372116512338

17121 runemasterragnar the Covert (level 12, -6/91 HPs)
             Began as a Vampire Gladiator on Nov 14, 2020.
             Was a High Priest of Dithmenos.
             Mangled by a skeletal warrior
             ... wielding a +0 battleaxe
             ... led by a skeletal warrior
              (28 damage)
             ... on level 12 of the Dungeon.
             The game lasted 00:26:02 (13228 turns).

runemasterragnar the Covert (Vampire Gladiator)    Turns: 13228, Time: 00:26:03

Health: -6/91      AC:  7    Str: 25    XL:     12   Next: 16%
Magic:  14/14      EV: 19    Int: 14    God:    Dithmenos [*****.]
Gold:   492        SH: 15    Dex: 17    Spells: 5/11 levels left

rFire    + . .     SeeInvis +   J - +5 rapier (speed)
rCold    + . .     Faith    .   f - +3 kite shield
rNeg     + + .     Spirit   .   A - +0 robe of Haej {Rampage +Inv rF+ Str+4}
rPois    +         Reflect  .   c - +0 helmet
rElec    .         Harm     .   b - +2 cloak "Yqutu" {Rampage rN+ Stlth+}
rCorr    .         Rampage  +   (no gloves)
MR       .....                  x - +0 pair of boots
Stlth    +++++++++.             (no amulet)
HPRegen  0.45/turn              w - +6 ring of strength
MPRegen  0.14/turn              l - ring "Ciqafakk" {rPois rC+ rN+ MR-}

@: regenerating quickly, wreathed by umbra, studying 2 skills
A: fangs 3, repulsion field 1, see invisible, strong 1, unbreathing
a: Exsanguinate, Shadow Step, Shadow Form, Renounce Religion, Evoke Invisibility


You were on level 12 of the Dungeon.
You worshipped Dithmenos.
Dithmenos was extremely pleased with you.
You visited 1 branch of the dungeon, and saw 12 of its levels.
You also visited: Gauntlet.

You collected 764 gold pieces.
You spent 272 gold pieces at shops.

Inventory:

Hand Weapons
 d - a +0 hand crossbow
 g - a +4 dagger of venom
 J - a +5 rapier of speed (weapon)
 O - a +4 falchion of freezing
Missiles
 i - 38 poisoned darts
 R - 7 curare-tipped darts
 U - a throwing net (quivered)
 W - 28 bolts
Armour
 b - the +2 cloak "Yqutu" (worn) {Rampage rN+ Stlth+}
   (You found it in a Gauntlet)

   It protects you from negative energy.
   It bestows one free step when moving towards enemies.
   It makes you more stealthy.
 c - a +0 helmet (worn)
 f - a +3 kite shield (worn)
 x - a +0 pair of boots (worn)
 A - the +0 robe of Haej (worn) {Rampage +Inv rF+ Str+4}
   (You found it on level 5 of the Dungeon)

   It affects your strength (+4).
   It protects you from fire.
   It lets you turn invisible.
   It bestows one free step when moving towards enemies.
 I - +0 pearl dragon scales
 X - the -3 pair of gloves of Springtime {Str+5 Int+5 Dex-4}
   (You found it in a Gauntlet)

   It affects your strength (+5).
   It affects your intelligence (+5).
   It affects your dexterity (-4).
 Y - a +2 cloak of poison resistance
 Z - the cursed +0 hat "Tuzem" {+Blink rF++ Int-5}
   (You found it in a Gauntlet)

   It affects your intelligence (-5).
   It greatly protects you from fire.
   It lets you blink.
   It has a curse placed upon it.
Jewellery
 l - the ring "Ciqafakk" (right hand) {rPois rC+ rN+ MR-}
   (You found it on level 4 of the Dungeon)

   [ring of poison resistance]

   It protects you from cold.
   It protects you from poison.
   It protects you from negative energy.
   It affects your resistance to hostile enchantments.
 r - an uncursed ring of stealth
 w - a +6 ring of strength (left hand)
 K - an uncursed ring of poison resistance
 T - an uncursed ring of teleportation
Wands
 s - a wand of flame (29)
 L - a wand of polymorph (16)
 N - a wand of acid (10)
 Q - a wand of digging (6)
 V - a wand of iceblast (8)
Scrolls
 e - 4 scrolls of blinking
 h - 4 scrolls of remove curse
 j - 5 scrolls of teleportation
 m - 2 scrolls of fear
 p - a scroll of magic mapping
 q - 2 scrolls of fog
 y - 3 scrolls of immolation
 B - 3 scrolls of enchant weapon
 G - a scroll of vulnerability
 H - 2 scrolls of amnesia {unknown}
 P - a scroll of identify
 S - a scroll of acquirement {unknown}
Potions
 n - 2 potions of brilliance
 t - a potion of might
 u - 2 potions of degeneration
 v - 2 potions of resistance
 z - a potion of heal wounds
 C - a potion of mutation
 D - 9 potions of curing
 E - a potion of ambrosia
 M - 2 potions of berserk rage
Books
 a - a manual of Transmutations
 k - a manual of Crossbows
Miscellaneous
 o - a phial of floods


   Skills:
 + Level 7.5 Fighting
 + Level 8.4(8.5) Short Blades
 - Level 1.0(4.9) Long Blades
   Level 2.6 Axes
 + Level 4.7 Crossbows
 - Level 1.8 Throwing
 + Level 9.2 Dodging
 + Level 12.0 Stealth
 + Level 7.0 Shields
 + Level 8.7 Unarmed Combat
 - Level 3.3 Invocations


You had 5 spell levels left.
You knew the following spells:

 Your Spells              Type           Power        Failure   Level
a - Call Imp              Summ           #.......     77%         2
b - Petrify               Tmut/Erth      #.......     100%        4

Your spell library contained the following spells:

 Spells                   Type           Power        Failure   Level
 Beastly Appendage        Tmut           #.....       63%         1
 Sandblast                Erth           #.....       63%         1
 Shock                    Conj/Air       #...         63%         1
 Summon Small Mammal      Summ           #...         63%         1
 Passwall                 Tmut/Erth      #.......     77%         2
 Swiftness                Air            #.......     77%         2
 Call Canine Familiar     Summ           #.......     94%         3
 Static Discharge         Conj/Air       #.......     94%         3
 Stone Arrow              Conj/Erth      #.....       94%         3
 Summon Guardian Golem    Hex/Summ       #.......     94%         3
 Airstrike                Air            #.........   100%        4
 Summon Ice Beast         Ice/Summ       #.......     100%        4
 Summon Lightning Spire   Summ/Air       #.......     100%        4
 Alistair's Intoxication  Tmut/Pois      #........    100%        5
 Lee's Rapid Deconstruct  Erth           #.........   100%        5
 Lightning Bolt           Conj/Air       #.........   100%        5
 Statue Form              Tmut/Erth      #........    100%        6


Dungeon Overview and Level Annotations

Branches:
Dungeon (12/15)            Temple (0/1) D:7            Lair (0/6) D:8
    Orc (0/2) D:12        Gauntlet (visited)

Altars:
Ashenzari
Cheibriados
Dithmenos
Fedhas
Nemelex Xobeh
Uskayaw
Xom
Zin
The Shining One

Shops:
D:6 ?   D:10 !   D:11 [?*(:

Annotations:
D:5 3 runed translucent doors, robertstho's ghost, novice DEFE
D:7 3 runed translucent doors, Giavanni's ghost, novice GrFi
D:9 3 runed translucent doors, Sun's ghost, novice MfGl


Innate Abilities, Weirdness & Mutations

Your natural rate of healing is unusually fast.
You have razor-sharp teeth.
You have supernaturally acute eyesight. (SInv)
You can survive without breathing.
You are surrounded by a mild repulsion field. (EV +2)
Your muscles are strong. (Str +2)


Message History

The skeletal warrior hits you with a +0 battleaxe.
* * * LOW HITPOINT WARNING * * *
Unknown command.
Evoke which item? (* to show all) (? for menu, Esc to quit)
Aiming: Corrosive Bolt
Press: ? - help, Shift-Dir - straight line, f/p - skeletal warrior
Aim: a skeletal warrior, wielding a +0 battleaxe (severely damaged, umbra)
The bolt of acid misses the skeletal warrior.
You block the skeletal warrior's attack.
Unknown command.
Unknown command.
Unknown command.
There is a stone staircase leading up here.
You hit the skeletal warrior.
The skeletal warrior is severely damaged.
You barely miss the skeletal warrior.
You bite the skeletal warrior, but do no damage.
The skeletal warrior is severely damaged.
The skeletal warrior hits you with a +0 battleaxe!!
You die...

,,,*,,,,,,,,,,,,,,,,,,*
,,,*,,,,,,,,,,,,^,,,..#
,,,,,,*****#...,,,,,..#
*+*****,,,,#..#***,...#
,,,,,,,,,,,#..# *,...#
,,,,,,>,,,,+..# *....#
,,,,,,,,,,,#..####...[#
,,,,,,,,,,,#.......^..#
###+########...z@.....#
#....#................#
.....#................#
.....#....#...........#
.....'....#..######...#
.....#.......#*****♣♣♣♣*
.....#.......≈≈≈≈≈≈≈≈≈≈**
'########....J≈≈≈≈≈≈≈≈≈≈*
......#,.....≈≈≈≈≈≈≈≈≈≈≈**


You could see a skeletal warrior.

Vanquished Creatures
  A minotaur (Gauntlet)
  A hydra (D:12)
  Sonja (D:11)
  A fire crab (Gauntlet)
  3 unseen horrors
  A necromancer (Gauntlet)
  A deep elf mage (D:12)
  2 cyclopes (D:11)
  A torpor snail (Gauntlet)
  A komodo dragon (D:12)
  A troll (D:11)
  Grinder (D:5)
  A slime creature (D:12)
  Sigmund (D:2)
  2 wyverns (D:10)
  17 yaks
  5 fire bats (Gauntlet)
  A water moccasin (D:12)
  3 hell hounds (Gauntlet)
  7 black bears
  6 orc warriors
  4 ice beasts
  2 sky beasts (D:10)
  2 necrophages
  8 wolves (Gauntlet)
  3 phantoms
  2 centaurs
  5 ogres
  3 big kobolds
  3 bullfrogs
  5 scorpions
  An electric eel (D:12)
  9 wights
  2 howler monkeys (D:11)
  4 centaur zombies
  2 jellies
  A quasit (D:8)
  A centaur skeleton (D:5)
  3 hounds
  6 orc priests
  4 iguanas
  7 orc wizards
  3 bullfrog skeletons
  Terence (D:2)
  Ijyb (D:4)
  6 worker ants
  2 hound zombies
  A worker ant zombie (D:7)
  15 adders
  2 shadow imps
  A white imp (D:9)
  An ufetubus (D:6)
  2 adder skeletons
  3 worms
  4 dart slugs
  A leopard gecko (D:4)
  30 orcs
  3 giant cockroaches
  11 goblins
  8 hobgoblins
  15 jackals
  21 kobolds
  4 quokkas
  3 ball pythons
  A ball python zombie (D:5)
  12 bats
  8 frilled lizards
  A quokka zombie (D:8)
  9 rats
304 creatures vanquished.

Vanquished Creatures (others)
  18 plants (D:12)
18 creatures vanquished.

Grand Total: 322 creatures vanquished

Notes
Turn   | Place    | Note
-------+----------+-------------------------------------------
     0 | D:1      | runemasterragnar the Vampire Gladiator began the quest for
                  | the Orb.
     0 | D:1      | Reached XP level 1. HP: 16/16 MP: 1/1
   265 | D:1      | Reached skill level 1 in Stealth
   270 | D:1      | Reached XP level 2. HP: 21/22 MP: 2/2
   518 | D:1      | Reached skill level 1 in Unarmed Combat
   787 | D:1      | Reached XP level 3. HP: 27/27 MP: 3/3
  1200 | D:2      | Reached skill level 2 in Stealth
  1341 | D:2      | Reached skill level 1 in Short Blades
  1357 | D:2      | Reached XP level 4. HP: 17/33 MP: 4/4
  1713 | D:2      | Noticed Terence
  1746 | D:2      | Killed Terence
  2018 | D:2      | Noticed Sigmund
  2038 | D:2      | Killed Sigmund
  2039 | D:2      | Reached skill level 3 in Stealth
  2039 | D:2      | Reached skill level 1 in Shields
  2039 | D:2      | Reached XP level 5. HP: 18/40 MP: 5/5
  2039 | D:2      | Reached XP level 6. HP: 21/46 MP: 6/6
  2263 | D:2      | Found a hide-covered altar of Uskayaw.
  2273 | D:2      | Found a shimmering altar of Xom.
  2276 | D:2      | Found a shadowy altar of Dithmenos.
  2279 | D:2      | Found a glowing silver altar of Zin.
  2285 | D:2      | Became a worshipper of Dithmenos the Shadowed
  2838 | D:3      | Found a snail-covered altar of Cheibriados.
  2838 | D:3      | Found a blossoming altar of Fedhas.
  3148 | D:3      | Found a faded altar of an unknown god.
  3176 | D:3      | Noticed an orc warrior
  3185 | D:3      | You fall into a shaft and drop 2 floors!
  3185 | D:5      | Entered Level 5 of the Dungeon
  3185 | D:5      | Found a broken altar of Ashenzari.
  3473 | D:5      | Learned a level 2 spell: Call Imp
  3701 | D:5      | Noticed robertstho's ghost (novice DEFE)
  3705 | D:5      | Found a runed translucent gate.
  3705 | D:5      | Found a runed translucent gate.
  3705 | D:5      | Found a runed translucent gate.
  3748 | D:5      | Reached skill level 4 in Stealth
  3771 | D:5      | Got a brightly glowing robe
  3782 | D:5      | Identified the cursed +0 robe of Haej {Rampage +Inv rF+
                  | Str+4} (You found it on level 5 of the Dungeon)
  3789 | D:5      | Gained mutation: You are surrounded by a mild repulsion
                  | field. (EV +2) [potion of mutation]
  3789 | D:5      | Gained mutation: Your muscles are strong. (Str +2) [potion
                  | of mutation]
  4014 | D:4      | Reached skill level 1 in Invocations
  4096 | D:4      | Reached XP level 7. HP: 41/52 MP: 7/7
  4373 | D:3      | Reached * piety under Dithmenos
  4602 | D:4      | Got a transparent jade ring
  4603 | D:4      | Identified the ring "Ciqafakk" {rPois rC+ rN+ MR-} (You
                  | found it on level 4 of the Dungeon)
  4623 | D:4      | Noticed Ijyb
  4625 | D:4      | Killed Ijyb
  4672 | D:4      | Reached skill level 5 in Stealth
  4825 | D:4      | Reached skill level 1 in Long Blades
  5630 | D:5      | Noticed Grinder
  5639 | D:5      | Killed Grinder
  5640 | D:5      | Reached skill level 5 in Dodging
  5640 | D:5      | Reached XP level 8. HP: 60/60 MP: 9/9
  5823 | D:6      | Found Nepodibi's Magic Scroll Shoppe.
  5834 | D:6      | Bought a scroll of remove curse for 39 gold pieces
  5834 | D:6      | Bought a scroll of teleportation for 39 gold pieces
  5834 | D:6      | Bought a scroll of identify for 26 gold pieces
  5834 | D:6      | Bought a scroll of vulnerability for 97 gold pieces
  5834 | D:6      | Bought a scroll of fog for 26 gold pieces
  5834 | D:6      | Bought a scroll of fear for 45 gold pieces
  6242 | D:6      | Reached skill level 6 in Stealth
  6442 | D:7      | Found a staircase to the Ecumenical Temple.
  6594 | D:7      | Reached skill level 7 in Stealth
  6640 | D:7      | Found a runed translucent gate.
  6640 | D:7      | Found a runed translucent gate.
  6640 | D:7      | Found a runed translucent gate.
  6640 | D:7      | Noticed a deep elf mage
  6640 | D:7      | Noticed Giavanni's ghost (novice GrFi)
  6695 | D:7      | Reached ** piety under Dithmenos
  6696 | D:7      | Reached XP level 9. HP: 52/66 MP: 11/11
  6834 | D:7      | Reached skill level 5 in Unarmed Combat
  6844 | D:7      | Reached skill level 5 in Short Blades
  6969 | D:7      | Reached skill level 5 in Fighting
  6969 | D:7      | Reached skill level 8 in Stealth
  7577 | D:8      | Found a staircase to the Lair.
  8137 | D:9      | Reached *** piety under Dithmenos
  8256 | D:9      | Reached XP level 10. HP: 66/74 MP: 12/12
  8549 | D:9      | Found a sparkling altar of Nemelex Xobeh.
  8557 | D:9      | Reached skill level 9 in Stealth
  8592 | D:9      | Found a glowing golden altar of the Shining One.
  8627 | D:9      | Found a runed translucent gate.
  8627 | D:9      | Found a runed translucent gate.
  8627 | D:9      | Found a runed translucent gate.
  8627 | D:9      | Noticed Sun's ghost (novice MfGl)
  8768 | D:10     | Entered Level 10 of the Dungeon
  8799 | D:10     | Reached skill level 5 in Shields
  9132 | D:10     | Found Vujahil's Distillery.
  9375 | D:10     | Reached skill level 10 in Stealth
  9382 | D:10     | Reached **** piety under Dithmenos
  9912 | D:11     | Found Usyddog's Book Shoppe.
  9912 | D:11     | Noticed an unseen horror
  9913 | D:11     | Killed an unseen horror
  9969 | D:11     | Found Fanoetae's Magic Scroll Shoppe.
  9980 | D:11     | Noticed a cyclops
 10001 | D:11     | Noticed an unseen horror
 10187 | D:11     | Found Cian's Armour Shoppe.
 10190 | D:11     | Found Beajurop's General Store.
 10198 | D:11     | Reached XP level 11. HP: 77/82 MP: 13/13
 10310 | D:11     | Noticed an unseen horror
 10327 | D:11     | Killed an unseen horror
 10328 | D:11     | Reached skill level 1 in Crossbows
 10358 | D:11     | Noticed Sonja
 10370 | D:11     | Killed Sonja
 10402 | D:10     | Killed an unseen horror
 10889 | D:11     | Found Vitoixta's Antique Weapon Emporium.
 10910 | D:11     | Noticed a brown ugly thing
 11201 | D:10     | Reached skill level 11 in Stealth
 11489 | D:10     | Reached ***** piety under Dithmenos
 11787 | D:12     | Noticed a six-headed hydra
 11810 | D:12     | Killed a six-headed hydra
 11854 | D:12     | Found a gate leading to a gauntlet.
 11858 | Gauntlet | Entered a Gauntlet
 11858 | Gauntlet | Found a transporter.
 11858 | Gauntlet | Found a transporter.
 11859 | Gauntlet | Noticed a necromancer
 11861 | Gauntlet | Found a transporter.
 11862 | Gauntlet | Found a transporter.
 11865 | Gauntlet | Found a transporter.
 11865 | Gauntlet | Found a transporter.
 11892 | Gauntlet | Noticed a wizard
 11894 | Gauntlet | Found the +3 hat of Pondering {ponderous, MR+ MP+10 Int+5}
 11894 | Gauntlet | Found a transporter.
 11897 | Gauntlet | Found a transporter.
 11899 | Gauntlet | Noticed a wolf spider
 11899 | Gauntlet | Noticed an entropy weaver
 11917 | Gauntlet | Found a transporter.
 11927 | Gauntlet | Noticed a fire crab
 11930 | Gauntlet | Found a transporter.
 11944 | Gauntlet | Found a transporter.
 11948 | Gauntlet | Found a transporter.
 12000 | Gauntlet | Killed a necromancer
 12025 | Gauntlet | Got a pair of warped gloves
 12031 | Gauntlet | Identified the cursed -3 pair of gloves of Springtime
                  | {Str+5 Int+5 Dex-4} (You found it in a Gauntlet)
 12275 | Gauntlet | Killed a fire crab
 12297 | Gauntlet | Got a spiked hat
 12298 | Gauntlet | Identified the cursed +0 hat "Tuzem" {+Blink rF++ Int-5}
                  | (You found it in a Gauntlet)
 12596 | Gauntlet | Noticed a minotaur
 12606 | Gauntlet | Killed a minotaur
 12607 | Gauntlet | Reached XP level 12. HP: 65/91 MP: 14/14
 12616 | Gauntlet | Identified the Incunabulum of Changing
 12623 | Gauntlet | Learned a level 4 spell: Petrify
 12628 | Gauntlet | Got a jewelled cloak
 12639 | Gauntlet | Identified the +2 cloak "Yqutu" {Rampage rN+ Stlth+} (You
                  | found it in a Gauntlet)
 12836 | D:12     | Reached skill level 12 in Stealth
 13228 | D:12     | Mangled by a skeletal warrior

Illustrated notes

Levels and vault maps discovered:
D:1:      minmay_arrival_split_and_join, layout_basic
D:2:      layout_loops_ring, grunt_temple_overflow_cloverleaf,
          minmay_box_of_dots, uniq_terence, uniq_sigmund
D:3:      layout_loops_ring, gammafunk_temple_overflow_pools,
          chequers_ecumenical_altar_simple_redux
D:4:      layout_layer_cave, grunt_ministairs_14, minmay_close_crescents,
          uniq_ijyb
D:5:      layout_loops_ring, overflow_temple_1_default, gammafunk_ghost_split,
          uniq_grinder
D:6:      layout_loops_ring, serial_shops, shop, minmay_manual_mail
D:7:      layout_gridville, minmay_temple_entry_slanted, gammafunk_ghost_split
D:8:      layout_rooms, lair_entry_dummy
D:9:      layout_small_grid, kennysheep_mini, old_standard_altar,
          gammafunk_ghost_spectres
D:10:     layout_gridville, serial_shops, nicolae_shop_waterfront
D:11:     layout_gridville, serial_shops, shop, shop, shop,
          nicolae_shop_behind_doors, nicolae_shop_waterfront, uniq_sonja
D:12:     layout_stronghold, orc_0_dummy, serial_bayou, serial_bayou_shore_a,
          serial_bayou_ford_a, serial_bayou_pond_d, serial_bayou_lagoon_a,
          gauntlet_entry_generic, minivault_11, st_stairs_14

Skill      XL: |  1  2  3  4  5  6  7  8  9 10 11 12 |
---------------+-------------------------------------+-----
Stealth        | 1 2 3 4 5 7 8 10 11 12 | 12.0
Fighting       | 2 3 4 5 6 7 |  7.5
Unarmed Combat | 1 2 3 4 6 7 8 |  8.7
Short Blades   | 1 2 3 4 5 7 8 |  8.4
Dodging        | 4 5 7 8 9 |  9.2
Shields        | 1 2 3 4 5 6 7 |  7.0
Invocations    | 1 3 |  3.3
Long Blades    | 1 |  1.0
Crossbows      | 4 |  4.7
Axes           | |  2.6
Throwing       | |  1.8

Action                   |  1- 3 |  4- 6 |  7- 9 | 10-12 || total
-------------------------+-------+-------+-------+-------++-------
Melee: War axe           |    26 |    19 |       |       ||    45
       Bite              |    22 |    41 |    44 |    92 ||   199
       Dagger            |   139 |   263 |    32 |   124 ||   558
       Punch             |     1 |       |       |       ||     1
       Unarmed           |       |    13 |    21 |       ||    34
       Short sword       |       |       |     8 |       ||     8
       Rapier            |       |       |   235 |   413 ||   648
Throw: Throwing net      |       |     1 |       |     2 ||     3
 Abil: Evoke Invisibilit |       |       |     1 |       ||     1
Evoke: Wand              |       |       |       |    21 ||    21
  Use: Potion            |       |     3 |     1 |     5 ||     9
       Scroll            |       |     7 |     9 |     9 ||    25
 Stab: Sleeping          |     4 |     4 |    25 |    19 ||    52
       Held in net/web   |       |     2 |       |       ||     2
       Invisible         |       |       |     2 |     2 ||     4
       Distracted        |       |       |       |     3 ||     3
Armor: Leather armour    |    56 |    61 |       |       ||   117
       Robe              |       |     6 |    10 |    25 ||    41
       Skin              |       |       |     8 |       ||     8
Dodge: Dodged            |   121 |   143 |    89 |   207 ||   560
Block: Kite shield       |       |    97 |   113 |   297 ||   507

Table legend: (Time is in decaauts)
 A = Elapsed time spent in this place.
 B = Non-inter-level travel time spent in this place.
 C = Inter-level travel time spent in this place.
 D = Time resting spent in this place.
 E = Time spent auto-exploring this place.
 F = Levels seen in this place.
 G = Mean time per level.
                   A        B        C        D        E       F      G
               +--------+--------+--------+--------+--------+-----+--------+
         Total |  13001 |  12573 |    428 |   2903 |   6882 |  13 | 1000.1 |
       Dungeon |  12234 |  11806 |    428 |   2515 |   6843 |  12 | 1019.5 |
      Gauntlet |    767 |    767 |      0 |    388 |     39 |   1 |  767.0 |
               +--------+--------+--------+--------+--------+-----+--------+

Top non-repeatable levels by time:
    D:10: 2346 daAuts
     D:2: 1418 daAuts
     D:1: 1157 daAuts
     D:4: 1115 daAuts
     D:7: 1104 daAuts
     D:5: 1057 daAuts
     D:3: 1051 daAuts
Gauntlet: 767 daAuts
     D:9: 723 daAuts
    D:12: 668 daAuts
     D:6: 623 daAuts
    D:11: 524 daAuts
     D:8: 443 daAuts
